Map: Kairos Junction LE

Players

Gumkomen

  • Race: Protoss Protoss
  • League: Master
  • Spawn Location: 11:00

RainbowDash - Winner!

  • Race: Protoss Protoss
  • League: Master
  • Spawn Location: 5:00

VOD

Have the link to the VOD?

Description

Time

  • Played on: June 20, 2019, 12:53 p.m.
  • Length: 7:12
Show
View Real Time Build Order
Export as new Build Order

Gumkomen Protoss 

Build Orders: Phoenix Opening, Zealot Archon 

Get SALT Encoding   

  12  0:01  Probe  
  13  0:14  Probe  
  14  0:19  Pylon  
  14  0:25  Probe  
  15  0:33  Probe  
  15  0:41  Gateway, Probe  
  16  0:47  Assimilator  
  17  0:52  Probe  
  17  0:56  Assimilator  
  18  1:04  Probe  
  19  1:14  Gateway  
  19  1:17  Probe  
  20  1:22  Pylon  
  20  1:29  Probe  
  21  1:34  Cybernetics Core  
  21  1:41  Probe  
  22  1:53  Probe  
  23  2:07  Probe  
  24  2:10  Stalker  
  24  2:11  Sentry  
  28  2:19  Pylon, Probe  
  28  2:20  Warp Gate  
  29  2:28  Pylon  
  29  2:31  Probe  
  30  2:41  Stalker x2  
  34  3:00  Nexus  
  34  3:07  Phoenix  
  34  3:10  Probe  
  35  3:13  Robotics Facility  
  35  3:18  Shield Battery  
  35  3:24  Stalker  
  37  3:35  Stalker  
  39  3:47  Pylon  
  39  4:01  Immortal  
  39  4:05  Forge, Probe  
  40  4:11  Probe  
  45  4:17  Probe  
  45  4:22  Protoss Ground Weapons Level 1  
  45  4:23  Pylon, Probe  
  46  4:25  Sentry  
  46  4:29  Probe  
  50  4:35  Probe  
  51  4:39  Immortal  
  51  4:44  Probe  
  56  4:53  Probe  
  56  4:56  Probe  
  58  5:00  Twilight Council  
  58  5:05  Probe  
  59  5:08  Probe  
  60  5:17  Probe  
  60  5:18  Immortal  
  60  5:20  Probe  
  66  5:27  Assimilator  
  66  5:30  Assimilator, Probe  
  66  5:32  Probe  
  68  5:36  Pylon  
  68  5:37  Pylon  
  68  5:42  Templar Archives  
  68  5:44  Gateway  
  68  5:48  Gateway  
  68  5:54  Warp Prism  
  68  5:57  Probe  
  71  6:06  Sentry  
  73  6:16  Shield Battery  
  73  6:17  Shield Battery  
  71  6:21  Sentry  
  63  6:33  Zealot  
  56  6:49  Zealot  
  56  6:50  High Templar  
  57  6:57  High Templar  
  57  7:00  Sentry  
  55  7:02  Archon  
  49  7:10  Zealot  
Show
View Real Time Build Order
Export as new Build Order

RainbowDash Protoss - Winner!

Build Orders:  

Get SALT Encoding   

  12  0:00  Probe  
  13  0:13  Probe  
  14  0:18  Pylon  
  14  0:23  Probe  
  15  0:32  Probe  
  15  0:38  Gateway  
  15  0:40  Probe  
  16  0:47  Assimilator  
  17  0:53  Probe  
  17  0:56  Assimilator  
  18  1:05  Probe  
  18  1:09  Gateway  
  19  1:17  Probe  
  20  1:25  Cybernetics Core  
  20  1:30  Probe  
  21  1:37  Pylon  
  21  1:42  Probe  
  22  1:54  Probe  
  22  2:01  Stalker x2  
  25  2:04  Warp Gate  
  27  2:15  Pylon  
  27  2:20  Pylon  
  27  2:21  Stalker  
  27  2:22  Stalker  
  31  2:46  Probe  
  32  2:56  Nexus  
  32  3:04  Robotics Facility  
  32  3:07  Probe  
  33  3:19  Probe  
  34  3:27  Shield Battery  
  34  3:31  Probe  
  35  3:35  Twilight Council  
  35  3:39  Probe  
  35  3:47  Probe  
  36  3:48  Warp Prism  
  37  3:56  Charge  
  37  4:02  Pylon  
  39  4:07  Probe  
  40  4:18  Probe  
  40  4:20  Probe  
  40  4:23  Immortal  
  42  4:30  Probe  
  47  4:32  Probe  
  47  4:34  Gateway  
  48  4:39  Gateway  
  48  4:45  Gateway  
  48  4:51  Gateway  
  48  4:57  Gateway  
  48  5:04  Zealot  
  48  5:05  Zealot  
  53  5:07  Observer  
  53  5:11  Pylon  
  53  5:18  Pylon  
  53  5:26  Zealot x2  
  57  5:29  Zealot  
  59  5:38  Pylon  
  59  5:49  Zealot  
  61  5:50  Zealot x5  
  61  5:53  Zealot  
  73  6:10  Zealot x4  
  73  6:11  Zealot  
  83  6:13  Zealot  
  85  6:23  Zealot  
  83  6:36  Zealot x4  
  65  7:06  Zealot x4  
  65  7:07  Zealot x3  
Tags
 
Add a new tag
Caveats
  • Supply blocks, unpowered buildings, or Contaminate may cause inaccurate times.
  • Supply counts are checked every 10 seconds.